 Dungeon Crawl Stone Soup version 0.29.1-1-gd02db6906a (webtiles) character file.

Game seed: 1653452916763036178

70 quakins the Changer (level 4, -10/40 HPs)
             Began as a Troll Transmuter on Oct 17, 2022.
             Was a Follower of Dithmenos.
             Killed from afar by Natasha (21 damage)
             ... with a bolt of light
             ... on level 2 of the Dungeon.
             The game lasted 00:04:53 (1467 turns).

quakins the Changer (Troll Transmuter)              Turns: 1467, Time: 00:04:53

Health: -10/40     AC:  4    Str: 18    XL:     4   Next: 4%
Magic:  2/4        EV: 10    Int:  9    God:    Dithmenos [*.....]
Gold:   170        SH:  0    Dex: 12    Spells: 4/5 levels left

rFire   . . .      SeeInvis .     - Unarmed
rCold   . . .      Faith    .   (no shield)
rNeg    . . .      Spirit   .   a - +0 robe
rPois   .          Reflect  .   (helmet currently unavailable)
rElec   .          Harm     .   (no cloak)
rCorr   .          Rampage  .   (gloves unavailable)
Will    .....                   (boots unavailable)
Stlth   +.........              (no amulet)
HPRegen 0.93/turn               (no ring)
MPRegen 0.09/turn               (no ring)

@: appendages, wreathed by umbra
A: horns 2, talons 2, large, unfitting armour, claws 3, regeneration 1, shaggy
fur 1, tough skin 1
a: End Transformation, Renounce Religion


You were on level 2 of the Dungeon.
You worshipped Dithmenos.
Dithmenos was aware of your devotion.
You had temporarily grown beastly horns and talons.
You visited 1 branch of the dungeon, and saw 2 of its levels.

You collected 170 gold pieces.

Inventory:

Armour
 a - a +0 robe (worn)
Jewellery
 c - an amulet of magic regeneration
 f - a +4 ring of evasion
Scrolls
 e - a scroll of poison {unknown}
 g - a scroll of magic mapping
 j - 2 scrolls of amnesia
 m - a scroll of acquirement {unknown}
Potions
 b - a potion of lignification
 d - a potion of berserk rage
 h - 2 potions of magic
 k - a potion of mutation {unknown}
 l - a potion of attraction {unknown}


   Skills:
 - Level 0.8 Fighting
 - Level 1.6 Dodging
 - Level 3.0 Unarmed Combat
 - Level 1.2 Spellcasting
 * Level 3.1 Transmutations


You had 4 spell levels left.
You knew the following spells:

 Your Spells              Type           Power      Damage    Failure   Level
a - Beastly Appendage     Tmut           12%        N/A       10%         1

Your spell library contained the following spells:

 Spells                   Type           Power      Damage    Failure   Level
 Wereblood                Tmut           6%         N/A       14%         2
 Foxfire                  Conj/Fire      0%         2x1d4     36%         1
 Magic Dart               Conj           0%         1d3       36%         1
 Searing Ray              Conj           0%         2d4       50%         2
 Spider Form              Tmut/Pois      3%         N/A       50%         3
 Conjure Flame            Conj/Fire      0%         6-21      73%         3
 Inner Flame              Hex/Fire       0%         N/A       73%         3
 Ice Form                 Ice/Tmut       3%         N/A       88%         4
 Flame Wave               Conj/Fire      0%         2d4       98%         4
 Fulminant Prism          Conj/Hex       0%         3d6       98%         4


Dungeon Overview and Level Annotations

Branches:
Dungeon (2/15)

Altars:
Dithmenos

Shops:
D:2 ?

Annotations:
D:2 Natasha


Innate Abilities, Weirdness & Mutations

You have temporarily grown beastly horns and talons.
You are too large for most types of armour.
You have claws for hands.
Your natural rate of healing is unusually fast.
You are covered in fur. (AC +1)
You have tough skin. (AC +1)


Message History

Press: ? - help, Q - select action Dir - look around, f - activate You grow a pair of large bovine horns.
Your feet morph into talons.
Natasha wildly gestures.
Natasha glows brightly for a moment.
Natasha casts a spell at you. You resist with significant effort.
Natasha claws you.
You see here a +0 dagger.
You closely miss Natasha. Natasha claws you.
You closely miss Natasha. You headbutt Natasha. Your claw misses Natasha.
Natasha is lightly wounded.
Natasha claws you.
You closely miss Natasha. You claw Natasha!
Natasha is severely wounded.
Natasha casts a spell at you. The magic dart hits you.
You scratch Natasha but do no damage. Your kick misses Natasha.
Natasha is severely wounded.
Your transformation is almost over.
Natasha howls an incantation.
Natasha shimmers violently.
Natasha claws you.
You scratch Natasha.
You kill Natasha!
Dithmenos accepts your kill.
Natasha screams in fury as she dies!
Your Transmutations skill increases to level 3!
You have reached level 4!
Your horns disappear.
Your talons disappear.
Natasha, Servant of Life and Death comes into view.
She is carrying a wand of light (8).
Natasha casts a spell at you. The magic dart hits you.
Casting: Beastly Appendage (safe; 10% risk of failure)
Press: ? - help, Q - select action Dir - look around, f - activate You grow a pair of large bovine horns.
Your feet morph into talons.
Natasha zaps a wand.
The bolt of light hits you!
* * * LOW HITPOINT WARNING * * *
Natasha zaps a wand.
The bolt of light hits you!!
Ouch! That really hurt!
You die...

######### #........ #####
#........ # #...####.####### #
##### #............# # # ##...##
#...####..##.# # # ####.....##
##.####...##.# #
######........<####.###.....#.###
..............).@...h............
########.......########.....#.###
## ##.....## ##...##.### .#
##...## #...##.##. .# #####
#......... .# #.#....... ####
########.#....... #..##
#................ ....##
#.######.##..<...


You could see Natasha.

Vanquished Creatures
  Natasha (twice) (D:2)
  4 endoplasms
  A giant cockroach (D:2)
  A goblin (D:1)
  2 hobgoblins (D:1)
  A quokka (D:1)
  3 bats (D:2)
  4 frilled lizards
  4 kobolds
  3 rats
25 creatures vanquished.

Vanquished Creatures (others)
  A plant (D:1)
1 creature vanquished.

Grand Total: 26 creatures vanquished

Notes
Turn   | Place    | Note
-------+----------+-------------------------------------------
     0 | D:1      | quakins the Troll Transmuter began the quest for the Orb.
     0 | D:1      | Reached XP level 1. HP: 18/18 MP: 1/1
   176 | D:1      | Found a faded altar of an unknown god.
   330 | D:1      | Reached XP level 2. HP: 26/26 MP: 2/2
   651 | D:1      | Prayed at the altar of an unknown god.
   651 | D:1      | Became a worshipper of Dithmenos the Shadowed
   651 | D:1      | Reached * piety under Dithmenos
   923 | D:2      | Found Jalaorre's Magic Scroll Boutique.
  1220 | D:2      | Noticed Natasha
  1229 | D:2      | Killed Natasha
  1230 | D:2      | Reached XP level 3. HP: 32/32 MP: 1/3
  1447 | D:2      | Noticed Natasha
  1456 | D:2      | Killed Natasha
  1457 | D:2      | Reached XP level 4. HP: 21/40 MP: 2/4
  1464 | D:2      | Noticed Natasha
  1467 | D:2      | Killed from afar by Natasha

Illustrated notes

Levels and vault maps discovered:
D:1:      ebering_trefoil_twist, layout_basic,
          dreamdust_ecumenical_altar_hidden_monk_grotto
D:2:      layout_loops_ring, serial_shops, shop_scrolls, minmay_puff,
          uniq_natasha

Skill      XL: |  1  2  3 |
---------------+----------+-----
Transmutations | 2 3 |  3.1
Fighting       | |  0.8
Dodging        | |  1.6
Unarmed Combat | |  3.0
Spellcasting   | |  1.2

Action                   |  1- 3 |  4- 6 || total
-------------------------+-------+-------++-------
Melee: Unarmed           |    49 |       ||    49
       Kick              |     2 |       ||     2
       Headbutt          |     2 |       ||     2
 Cast: Beastly Appendage |    11 |     1 ||    12
  Use: Scroll            |     6 |       ||     6
 Stab: Sleeping          |     1 |       ||     1
Armor: Robe              |    17 |       ||    17
Dodge: Dodged            |    32 |       ||    32
